 Dungeon Crawl Stone Soup version 0.26-a0-812-g31a745ddcd (webtiles) character file.

Game seed: 14686052532944009484

2484 Arthanis the Cleaver (level 9, -4/59 HPs)
             Began as a Gargoyle Berserker on Nov 16, 2020.
             Was a Priest of Trog.
             Slain by an ogre
             ... wielding a +0 giant spiked club
              (18 damage)
             ... on level 7 of the Dungeon.
             The game lasted 00:07:44 (6684 turns).

Arthanis the Cleaver (Gargoyle Berserker)           Turns: 6684, Time: 00:07:44

Health: -4/59      AC: 21    Str: 20    XL:     9   Next: 52%
Magic:  9/9        EV:  8    Int: 12    God:    Trog [***...]
Gold:   178        SH:  0    Dex:  9    Spells: 8/8 levels left

rFire    . . .     SeeInvis .   a - +0 hand axe
rCold    + + .     Faith    .   (no shield)
rNeg     + . .     Spirit   .   c - +0 chain mail (curse)
rPois    ∞         Reflect  .   (no helmet)
rElec    +         Harm     .   F - +2 cloak {rPois}
rCorr    .         Rampage  .   t - +0 pair of gloves
MR       .....                  (no boots)
Stlth    ..........             (no amulet)
HPRegen  0.19/turn              x - ring of protection from cold
MPRegen  0.11/turn              y - ring of protection from cold

@: berserk cooldown, slowed, very slow
A: negative energy resistance 1, electricity resistance, unbreathing,
petrification resistance, rot immunity, AC +6
a: Berserk, Trog's Hand, Renounce Religion


You were on level 7 of the Dungeon.
You worshipped Trog.
Trog was most pleased with you.
You visited 1 branch of the dungeon, and saw 7 of its levels.

You collected 406 gold pieces.
You spent 228 gold pieces at shops.

Inventory:

Hand Weapons
 a - a +0 hand axe (weapon)
 o - a cursed +0 spear
 q - the +6 quarterstaff of the Countless Visions {pain, rC+}
   (You found it on level 4 of the Dungeon)

   In the hands of one skilled in necromantic magic, it inflicts extra damage on
   living creatures.
   It protects you from cold.
   Trog disapproves of the use of such an item.
 B - a +0 halberd of venom
 C - a +3 mace of freezing
Armour
 b - a +0 animal skin
 c - a cursed +0 chain mail (worn)
 n - a +0 plate armour
 p - a +0 cloak
 t - a +0 pair of gloves (worn)
 F - a +2 cloak of poison resistance (worn)
Jewellery
 m - an uncursed ring of stealth
 x - a ring of protection from cold (left hand)
 y - a ring of protection from cold (right hand)
Wands
 v - a wand of paralysis (19)
Scrolls
 d - 4 scrolls of remove curse {unknown}
 e - 2 scrolls of amnesia {unknown}
 f - 4 scrolls of identify {unknown}
 g - a scroll of teleportation
 h - 5 scrolls of fog {unknown}
 l - 2 scrolls of fear {unknown}
 s - a scroll of blinking {unknown}
 w - a scroll of random uselessness {unknown}
 D - a scroll of magic mapping {unknown}
Potions
 i - a potion of flight {unknown}
 j - 2 potions of brilliance {unknown}
 k - 4 potions of curing
 r - 3 potions of degeneration
 u - a potion of cancellation {unknown}
 z - a potion of heal wounds
 A - a potion of haste
 E - a potion of mutation {unknown}


   Skills:
 + Level 8.0 Fighting
 * Level 9.0 Axes
 - Level 6.0 Armour
 - Level 2.0 Dodging
 + Level 0.0 Evocations


You had 8 spell levels left.
You didn't know any spells.
Your spell library contained the following spells:

 Spells                   Type           Power        Failure   Level
 Corona                   Hex            #......      96%         1
 Sting                    Tmut/Pois      #...         96%         1
 Ensorcelled Hibernation  Hex/Ice        #.....       99%         2
 Poisonous Vapours        Pois/Air       #.....       99%         2
 Confusing Touch          Hex            #.......     100%        3
 Dazzling Flash           Conj/Hex       #.....       100%        3
 Ignite Poison            Fire/Tmut/Pois #.......     100%        3
 Mephitic Cloud           Conj/Pois/Air  #.......     100%        3
 Tukima's Dance           Hex            #.......     100%        3
 Olgreb's Toxic Radiance  Pois           #.......     100%        4


Dungeon Overview and Level Annotations

Branches:
Dungeon (7/15)             Temple (0/1) D:5

Altars:
Nemelex Xobeh

Shops:
D:4 :}   D:5 !

Portals:
Abyss: D:4

Annotations:
D:4 2 transporters, Enish's ghost, weakling OpDe
D:6 3 runed translucent doors, casual's ghost, novice PaFi


Innate Abilities, Weirdness & Mutations

You are resistant to torment.
Your stone body is resilient. (AC +6)
You are immune to poison.
You resist negative energy. (rN+)
You are resistant to electric shocks. (rElec)
You can survive without breathing.
You are immune to petrification.
You are immune to rotting.


Message History

You barely miss the ogre.
The ogre is heavily wounded.
The ogre barely misses you.
You slash the ogre!
The ogre is severely wounded.
The ogre hits you but does no damage.
You barely miss the ogre.
The ogre is severely wounded.
The ogre hits you with a +0 giant spiked club.
You closely miss the ogre.
The ogre is severely wounded.
The ogre completely misses you.
You hit the ogre.
The ogre is almost dead.
The ogre hits you with a +0 giant spiked club!
* * * LOW HITPOINT WARNING * * *
You hit the ogre but do no damage.
The ogre is almost dead.
The ogre hits you with a +0 giant spiked club!!
You die...

'...............
#.(##.##'##.########
#..#####.##.####...#
....+...)).........#
....#..............#
....#..............#
....#...(..........#
....#..............#
...##...###..###@..#
##+##... #..# #O..#
........ ....#
.....# .......
.....#......# .....
.....#......# .....
##.....# .....
#.....# .... +.....#
....


You could see an ogre.

Vanquished Creatures
  Sigmund (D:6)
  Menkaure (D:5)
  2 soldier ants (D:6)
  Duvessa (D:6)
  An orc warrior (D:7)
  4 ogres
  3 phantoms
  2 centaurs
  Blork the orc (D:6)
  A bullfrog (D:6)
  Dowan (D:6)
  4 wights (D:6)
  A killer bee (D:6)
  A bullfrog zombie (D:5)
  A hound (D:6)
  An orc priest (D:7)
  Crazy Yiuf (D:6)
  3 orc wizards (D:4)
  An iguana (D:5)
  10 worker ants
  3 gnolls (D:3)
  3 adders
  2 ufetubi
  2 oozes (D:2)
  An adder skeleton (D:4)
  4 worms
  2 dart slugs
  3 leopard geckos
  7 orcs
  A ball python (D:3)
  7 bats
  11 giant cockroaches
  10 goblins
  6 hobgoblins
  11 jackals
  4 kobolds
  A quokka (D:3)
  3 frilled lizards (D:4)
  A leopard gecko skeleton (D:4)
  7 rats
130 creatures vanquished.

Notes
Turn   | Place    | Note
-------+----------+-------------------------------------------
     0 | D:1      | Arthanis the Gargoyle Berserker began the quest for the
                  | Orb.
     0 | D:1      | Reached XP level 1. HP: 14/14 MP: 1/1
   302 | D:1      | Reached XP level 2. HP: 19/19 MP: 2/2
   435 | D:1      | Reached skill level 3 in Axes
  1233 | D:2      | Reached XP level 3. HP: 23/23 MP: 3/3
  1869 | D:3      | Reached XP level 4. HP: 29/29 MP: 4/4
  2211 | D:3      | Reached ** piety under Trog
  2471 | D:3      | Reached XP level 5. HP: 31/33 MP: 5/5
  2520 | D:3      | Reached skill level 4 in Axes
  3031 | D:4      | Found Tietzuw's Book Shoppe.
  3102 | D:4      | Noticed a phantom
  3171 | D:4      | Killed a phantom
  3171 | D:4      | Reached XP level 6. HP: 21/39 MP: 6/6
  3390 | D:4      | Got a bloodstained quarterstaff
  3391 | D:4      | Identified the +6 quarterstaff of the Countless Visions
                  | {pain, rC+} (You found it on level 4 of the Dungeon)
  3403 | D:4      | Noticed a phantom
  3439 | D:4      | Killed a phantom
  3608 | D:4      | Found Oxeidgh's Gadget Shop.
  3617 | D:4      | Reached skill level 5 in Axes
  3626 | D:4      | Reached XP level 7. HP: 44/44 MP: 7/7
  3654 | D:4      | Reached skill level 5 in Fighting
  3848 | D:4      | Noticed Enish's ghost (weakling OpDe)
  3849 | D:4      | Found a one-way gate to the infinite horrors of the Abyss.
  3854 | D:4      | Found a transporter.
  3884 | D:4      | Found a transporter.
  4196 | D:5      | Entered Level 5 of the Dungeon
  4574 | D:5      | Found Lenuowk's Distillery.
  4762 | D:5      | Reached skill level 6 in Axes
  4762 | D:5      | Reached skill level 5 in Armour
  4968 | D:5      | Noticed Menkaure
  4977 | D:5      | Killed Menkaure
  4977 | D:5      | Reached XP level 8. HP: 51/51 MP: 8/8
  5058 | D:5      | Found a staircase to the Ecumenical Temple.
  5075 | D:5      | Reached *** piety under Trog
  5152 | D:5      | Bought a potion of heal wounds for 60 gold pieces
  5152 | D:5      | Bought a potion of curing for 36 gold pieces
  5152 | D:5      | Bought a potion of degeneration for 12 gold pieces
  5152 | D:5      | Bought a potion of haste for 120 gold pieces
  5444 | D:6      | Noticed Duvessa
  5445 | D:6      | Noticed Dowan
  5456 | D:6      | Killed Duvessa
  5461 | D:6      | Reached skill level 7 in Axes
  5481 | D:6      | Killed Dowan
  5483 | D:6      | Found a runed translucent gate.
  5483 | D:6      | Found a runed translucent gate.
  5483 | D:6      | Found a runed translucent gate.
  5553 | D:6      | Found the +2 ratskin cloak {*Rats rPois rN+ Str-1 Int-1
                  | Dex+1}
  5582 | D:6      | Found a sparkling altar of Nemelex Xobeh.
  5638 | D:6      | Noticed casual's ghost (novice PaFi)
  5873 | D:6      | Noticed Sigmund
  5879 | D:6      | Killed Sigmund
  5879 | D:6      | Reached XP level 9. HP: 57/57 MP: 9/9
  5884 | D:6      | Found a runed translucent door.
  5887 | D:6      | Found a runed translucent door.
  5936 | D:6      | Reached skill level 8 in Axes
  6258 | D:6      | Found a runed translucent door.
  6259 | D:6      | Noticed Crazy Yiuf
  6272 | D:6      | Noticed Blork the orc
  6289 | D:6      | Killed Blork the orc
  6334 | D:6      | Killed Crazy Yiuf
  6649 | D:7      | Reached skill level 9 in Axes
  6684 | D:7      | Slain by an ogre

Illustrated notes

Levels and vault maps discovered:
D:1:      eino_arrival_druids_welcome, layout_basic
D:2:      layout_loops_ring
D:3:      layout_loops_ring, minmay_crystal_room, nrook_mini_backslash,
          kennysheep_generic_room_11
D:4:      layout_gridville, serial_glass, glass_columns_a, glass_columns_c,
          glass_columns_b, glass_columns_c, glass_columns_c, glass_columns_c,
          glass_columns_a, glass_columns_a, gammafunk_ghost_abyssal_escape,
          serial_shops, kennysheep_little_box, nicolae_shop_statue_plus
D:5:      layout_cave_pools, minmay_temple_entry_grid, serial_shops,
          nicolae_shop_trees, uniq_menkaure
D:6:      lemuel_insect_pit, layout_basic, lemuel_coloured_pillars_altar,
          gammafunk_ghost_nasty_kobolds, uniq_duvessa, uniq_crazy_yiuf_cottage,
          uniq_blork_the_orc, uniq_sigmund
D:7:      gammafunk_cloud_chamber, layout_gridville, minmay_checkerbox,
          uniq_harold

Skill      XL: |  1  2  3  4  5  6  7  8  9 |
---------------+----------------------------+-----
Axes           | 3 4 5 6 7 9 |  9.0
Dodging        | 2 |  2.0
Armour         | 3 4 5 6 |  6.0
Fighting       | 4 5 7 8 |  8.0

Action                   |  1- 3 |  4- 6 |  7- 9 || total
-------------------------+-------+-------+-------++-------
Melee: Hand axe          |   139 |   207 |   332 ||   678
Invok: Berserk           |       |     4 |    11 ||    15
       Trog's Hand       |       |       |     4 ||     4
Armor: Chain mail        |    88 |   138 |   237 ||   463
       Animal skin       |     3 |       |       ||     3
Dodge: Dodged            |    71 |    83 |   170 ||   324

Table legend: (Time is in decaauts)
 A = Elapsed time spent in this place.
 B = Non-inter-level travel time spent in this place.
 C = Inter-level travel time spent in this place.
 D = Time resting spent in this place.
 E = Time spent auto-exploring this place.
 F = Levels seen in this place.
 G = Mean time per level.
                   A        B        C        D        E       F      G
               +--------+--------+--------+--------+--------+-----+--------+
         Total |   6830 |   6519 |    311 |      8 |   5252 |   7 |  975.7 |
       Dungeon |   6830 |   6519 |    311 |      8 |   5252 |   7 |  975.7 |
               +--------+--------+--------+--------+--------+-----+--------+

Top non-repeatable levels by time:
     D:4: 1395 daAuts
     D:5: 1221 daAuts
     D:6: 1143 daAuts
     D:1: 1027 daAuts
     D:3: 1014 daAuts
     D:2: 837 daAuts
     D:7: 190 daAuts
